[Event "Charlotte Open 2024"]
[Site "Charlotte"]
[Date "2024.01.15"]
[Round "4.7"]
[White "Wofford, Matthew"]
[Black "Kantor, Gergely"]
[Result "0-1"]
[ECO "C89"]
[WhiteElo "1993"]
[BlackElo "2531"]
[Annotator "RC"]
[PlyCount "70"]
[EventDate "2024.01.05"]
[EventType "swiss"]
[EventCountry "USA"]
[SourceTitle "playchess.com"]
[Source "ChessBase"]
[SourceQuality "1"]
[TimeControl "6600+10"]

1. e4 e5 2. Nf3 Nc6 3. Bb5 a6 4. Ba4 Nf6 5. O-O Be7 6. Re1 b5 7. Bb3 O-O 8. c3 Na5 9. Bc2 d5 10. exd5 e4 11. Ne5 Qxd5 12. d4 exd3 13. Qxd3 Re8 14. Qxd5 Nxd5 15. Nd2 Bf6 16. Nef3 Bg4 17. h3 Bh5 18. Be4 Rad8 19. g4 Bg6 20. g5 Be7 21. b4 Nc6 22. a4 f5 23. Bxd5+ Rxd5 24. axb5 axb5 25. Kg2 Rd3 26. Bb2 Bf7 27. Re3 Rxe3 28. fxe3 Rd8 29. Ra6 Ne5 30. Nxe5 Rxd2+ 31. Kg3 Bd5 32. c4 Be4 33. Nc6 Bxc6 34. Bxg7 Rg2+ 35. Kf4 Be4 0-1

[Event "Charlotte Open 2024"]
[Site "Charlotte"]
[Date "2024.01.15"]
[Round "4.8"]
[White "Ligotti, John J"]
[Black "Belenkaya, Dina"]
[Result "1/2-1/2"]
[ECO "A30"]
[WhiteElo "1864"]
[BlackElo "2202"]
[Annotator "RC"]
[PlyCount "66"]
[EventDate "2024.01.05"]
[EventType "swiss"]
[EventCountry "USA"]
[SourceTitle "playchess.com"]
[Source "ChessBase"]
[SourceQuality "1"]
[TimeControl "6600+10"]

1. d4 Nf6 2. Nf3 e6 3. g3 b6 4. Bg2 Bb7 5. O-O Be7 6. c4 c5 7. d5 d6 8. Nc3 e5 9. e4 O-O 10. Ne1 Nfd7 11. Nd3 Bf6 12. Nb5 Be7 13. f4 a6 14. Nc3 exf4 15. Bxf4 b5 16. cxb5 Qb6 17. a4 axb5 18. Nxb5 Ba6 19. Qd2 Bf6 20. Kh1 Bxb5 21. axb5 Rxa1 22. Rxa1 c4 23. Nb4 Nc5 24. Ra8 Nbd7 25. Rxf8+ Nxf8 26. h4 Ng6 27. Nc6 Nd3 28. Bxd6 Nf2+ 29. Kh2 Ng4+ 30. Kh1 Nf2+ 31. Kh2 Ng4+ 32. Kh1 Nf2+ 33. Kh2 Ng4+ 1/2-1/2

[Event "Charlotte Open 2024"]
[Site "Charlotte"]
[Date "2024.01.15"]
[Round "4.9"]
[White "Li, Sophie"]
[Black "Botez, Andrea"]
[Result "1-0"]
[ECO "B22"]
[WhiteElo "1600"]
[BlackElo "1709"]
[Annotator "NA RC"]
[PlyCount "85"]
[EventDate "2024.01.05"]
[EventType "swiss"]
[EventCountry "USA"]
[SourceTitle "playchess.com"]
[Source "ChessBase"]
[SourceQuality "1"]
[TimeControl "6600+10"]

1. e4 c5 2. c3 d5 3. exd5 Qxd5 4. d4 cxd4 5. cxd4 Nc6 6. Nf3 Bg4 7. Be2 e6 8. Nc3 Qd8 9. d5 exd5 10. Qxd5 Qxd5 11. Nxd5 O-O-O 12. Nc3 Bb4 13. Bd2 Nf6 14. O-O-O Rhe8 15. Rhe1 h6 16. h3 Bf5 17. Bc4 Rd7 18. Rxe8+ Nxe8 19. Re1 Nd6 20. Bb3 Bc5 21. Be3 Bxe3+ 22. Rxe3 Na5 23. Bd5 Nac4 24. Bxc4 Nxc4 25. Re8+ Kc7 26. b3 Rd3 27. Nb5+ Kd7 28. Re1 Rxf3 29. gxf3 Nb6 30. h4 a6 31. Rd1+ Ke7 32. Nd6 Be6 33. Nxb7 Bd5 34. Nc5 a5 35. Na4 Nxa4 36. Rxd5 Nc3 37. Rxa5 Ne2+ 38. Kd2 Nd4 39. Ke3 Nc2+ 40. Ke4 Nb4 41. a3 Nc6 42. Rc5 f5+ 43. Rxf5 1-0

[Event "Charlotte Open 2024"]
[Site "Charlotte"]
[Date "2024.01.15"]
[Round "4.11"]
[White "Aaron, Deepak"]
[Black "Peatman, Carter"]
[Result "0-1"]
[ECO "A11"]
[WhiteElo "2296"]
[BlackElo "2022"]
[Annotator "RC"]
[PlyCount "78"]
[EventDate "2024.01.05"]
[EventType "swiss"]
[EventCountry "USA"]
[SourceTitle "playchess.com"]
[Source "ChessBase"]
[SourceQuality "1"]
[TimeControl "6600+10"]

1. c4 c6 2. Nf3 d5 3. e3 Bg4 4. cxd5 Bxf3 5. Qxf3 cxd5 6. Nc3 Nf6 7. g4 e6 8. d4 Nc6 9. Bd3 Bd6 10. Qh3 Qe7 11. f4 O-O-O 12. a3 Na5 13. Bc2 Kb8 14. O-O Rc8 15. g5 Nd7 16. e4 dxe4 17. b4 Nc6 18. Rd1 h6 19. g6 f5 20. d5 Nd8 21. Bb3 e5 22. Nb5 exf4 23. Nxd6 Qxd6 24. Qxf5 e3 25. Bb2 e2 26. Rdc1 Qb6+ 27. Kg2 Rxc1 28. Bxc1 f3+ 29. Kxf3 e1=N+ 30. Ke2 Re8+ 31. Kf1 Nd3 32. Qxd3 Rf8+ 33. Ke1 Qg1+ 34. Kd2 Qxh2+ 35. Kd1 Ne5 36. Qe2 Rf2 37. Bf4 Qxf4 38. Qe1 Qd4+ 39. Kc1 Qxa1# 0-1

[Event "Charlotte Open 2024"]
[Site "Charlotte"]
[Date "2024.01.15"]
[Round "4.12"]
[White "Rajagopal, Adharsh"]
[Black "Vanapalli, Vishnu"]
[Result "0-1"]
[ECO "A70"]
[WhiteElo "1895"]
[BlackElo "2276"]
[Annotator "RC"]
[PlyCount "52"]
[EventDate "2024.01.05"]
[EventType "swiss"]
[EventCountry "USA"]
[SourceTitle "playchess.com"]
[Source "ChessBase"]
[SourceQuality "1"]
[TimeControl "6600+10"]

1. d4 Nf6 2. c4 c5 3. d5 e6 4. Nc3 exd5 5. cxd5 d6 6. e4 g6 7. Bd3 Bg7 8. h3 O-O 9. Nf3 Re8 10. O-O Nbd7 11. Bf4 c4 12. Bc2 Nc5 13. Re1 b5 14. e5 dxe5 15. Nxe5 Bb7 16. Nxb5 Nxd5 17. Bg3 Nb4 18. Qc1 Bxe5 19. Bxe5 Qd5 20. f3 Rxe5 21. Rxe5 Qxe5 22. Nc3 Rd8 23. a3 Nxc2 24. Qxc2 Qe3+ 25. Qf2 Qxf2+ 26. Kxf2 Rd2+ 0-1

[Event "Charlotte Open 2024"]
[Site "Charlotte"]
[Date "2024.01.15"]
[Round "4.13"]
[White "Titus, Andrew"]
[Black "Wu, William"]
[Result "1-0"]
[ECO "C60"]
[WhiteElo "2202"]
[BlackElo "1965"]
[Annotator "RC"]
[PlyCount "123"]
[EventDate "2024.01.05"]
[EventType "swiss"]
[EventCountry "USA"]
[SourceTitle "playchess.com"]
[Source "ChessBase"]
[SourceQuality "1"]
[TimeControl "6600+10"]

1. e4 e5 2. Nf3 Nc6 3. Bb5 g6 4. d4 exd4 5. Bg5 Be7 6. Bxe7 Qxe7 7. O-O Nf6 8. e5 Nh5 9. Bxc6 dxc6 10. Qxd4 O-O 11. Nc3 Rd8 12. Qe3 Be6 13. Nd2 Qb4 14. Nde4 Qd4 15. Qg5 h6 16. Nf6+ Nxf6 17. Qxf6 Qg4 18. f3 Qf5 19. Ne4 Qxf6 20. Nxf6+ Kg7 21. Rad1 a5 22. a3 Bf5 23. c3 Bc2 24. Rc1 Bb3 25. Rf2 a4 26. h4 c5 27. Re1 b5 28. f4 Rd3 29. Ne4 Rd5 30. g4 Rad8 31. Kh2 b4 32. axb4 cxb4 33. cxb4 Rb8 34. Rc1 Rxb4 35. Nf6 Rdd4 36. Rxc7 Rxf4 37. Rxf4 Rxf4 38. Rc8 Rxf6 39. exf6+ Kxf6 40. Rh8 Ke5 41. Rxh6 Kf4 42. h5 Kg5 43. Rh8 Kxg4 44. h6 Kh5 45. Kg3 g5 46. h7 Bc2 47. Ra8 Bxh7 48. Rxa4 f5 49. b4 f4+ 50. Kf3 Bc2 51. Ra1 Bd3 52. Rc1 Ba6 53. Rc7 Bd3 54. Rc5 Ba6 55. b5 Bb7+ 56. Kf2 Kh4 57. Rc7 Be4 58. Re7 Bd3 59. b6 g4 60. b7 g3+ 61. Kf3 g2 62. Kxg2 1-0

[Event "Charlotte Open 2024"]
[Site "Charlotte"]
[Date "2024.01.15"]
[Round "4.14"]
[White "Prabhu, Naveen"]
[Black "Joseph, Jonath"]
[Result "1-0"]
[ECO "C54"]
[WhiteElo "2103"]
[BlackElo "2149"]
[Annotator "RC"]
[PlyCount "61"]
[EventDate "2024.01.05"]
[EventType "swiss"]
[EventCountry "USA"]
[SourceTitle "playchess.com"]
[Source "ChessBase"]
[SourceQuality "1"]
[TimeControl "6600+10"]

1. e4 e5 2. Nf3 Nc6 3. Bc4 Bc5 4. c3 d6 5. O-O Nf6 6. d3 a5 7. Bg5 h6 8. Bh4 Bg4 9. Nbd2 g5 10. Bg3 Ne7 11. d4 exd4 12. cxd4 Bb4 13. e5 Nh5 14. exd6 Bxd6 15. h3 Nxg3 16. Bxf7+ Kxf7 17. fxg3 Kg7 18. hxg4 Qd7 19. Ne4 Rhf8 20. Qb3 a4 21. Qd3 Qxg4 22. Nxd6 cxd6 23. Qb5 Qxg3 24. Qxb7 Rae8 25. Rae1 Rf7 26. Qd7 Nd5 27. Qxe8 Nf4 28. Re2 Rf8 29. Qe3 h5 30. Nd2 h4 31. Rxf4 1-0

[Event "Charlotte Open 2024"]
[Site "Charlotte"]
[Date "2024.01.15"]
[Round "4.15"]
[White "Ippolito, Dean"]
[Black "Parker, Anthony"]
[Result "1/2-1/2"]
[ECO "A96"]
[WhiteElo "2379"]
[BlackElo "1909"]
[Annotator "RC"]
[PlyCount "50"]
[EventDate "2024.01.05"]
[EventType "swiss"]
[EventCountry "USA"]
[SourceTitle "playchess.com"]
[Source "ChessBase"]
[SourceQuality "1"]
[TimeControl "6600+10"]

1. d4 f5 2. c4 e6 3. g3 Nf6 4. Bg2 Be7 5. Nf3 d6 6. O-O O-O 7. Nc3 Ne4 8. Nxe4 fxe4 9. Ne1 d5 10. Be3 Nd7 11. Qc2 Nf6 12. f3 dxc4 13. Qxc4 Nd5 14. Qb3 Nxe3 15. Qxe3 Bf6 16. Nc2 exf3 17. exf3 Qd6 18. f4 Bd7 19. Rfe1 Rfe8 20. Qc3 Qb6 21. Kh1 Rac8 22. Qb3 Bc6 23. Qxb6 Bxg2+ 24. Kxg2 cxb6 25. Re2 Red8 1/2-1/2

[Event "Charlotte Open 2024"]
[Site "Charlotte"]
[Date "2024.01.15"]
[Round "4.16"]
[White "King, Alexander"]
[Black "Karthik, Advaith"]
[Result "0-1"]
[ECO "E58"]
[WhiteElo "2302"]
[BlackElo "2124"]
[Annotator "RC"]
[PlyCount "72"]
[EventDate "2024.01.05"]
[EventType "swiss"]
[EventCountry "USA"]
[SourceTitle "playchess.com"]
[Source "ChessBase"]
[SourceQuality "1"]
[TimeControl "6600+10"]

1. d4 Nf6 2. c4 e6 3. Nc3 Bb4 4. e3 O-O 5. Bd3 c5 6. Nf3 d5 7. O-O Nc6 8. a3 Bxc3 9. bxc3 dxc4 10. Bxc4 Qc7 11. h3 b6 12. Qe2 Bb7 13. Bb2 Rac8 14. Bd3 e5 15. e4 exd4 16. cxd4 Nxd4 17. Nxd4 cxd4 18. Bxd4 Qd6 19. Bb2 Rfd8 20. Rad1 Qe6 21. Rfe1 Rd7 22. f4 Rcd8 23. e5 Nd5 24. f5 Qc6 25. Qg4 Nc3 26. Bxc3 Qxc3 27. Bf1 Rxd1 28. Rxd1 Qe3+ 29. Kh1 Rxd1 30. Qxd1 Qxh3+ 31. Kg1 Qe3+ 32. Kh1 h6 33. Qd8+ Kh7 34. f6 Qxe5 35. Qd7 Qe1 36. Qf5+ g6 0-1

[Event "Charlotte Open 2024"]
[Site "Charlotte"]
[Date "2024.01.15"]
[Round "4.17"]
[White "Liu, Ethan"]
[Black "Kogen, Jonathan"]
[Result "0-1"]
[ECO "B99"]
[WhiteElo "1967"]
[BlackElo "2220"]
[Annotator "RC"]
[PlyCount "90"]
[EventDate "2024.01.05"]
[EventType "swiss"]
[EventCountry "USA"]
[SourceTitle "playchess.com"]
[Source "ChessBase"]
[SourceQuality "1"]
[TimeControl "6600+10"]

1. e4 c5 2. Nf3 d6 3. d4 cxd4 4. Nxd4 Nf6 5. Nc3 a6 6. Bg5 e6 7. f4 Be7 8. Qf3 Qc7 9. O-O-O Nbd7 10. g4 h6 11. Bxf6 Bxf6 12. h4 Nb6 13. g5 Bxd4 14. Rxd4 Qc5 15. Rd2 Bd7 16. g6 O-O-O 17. gxf7 Rhf8 18. Be2 Rxf7 19. Rhd1 Rdf8 20. Qg3 Na4 21. Nxa4 Bxa4 22. Bg4 Rxf4 23. Bxe6+ Kb8 24. Qxg7 Rf1 25. Bf5 Rxd1+ 26. Kxd1 Re8 27. Kc1 Bc6 28. Qd4 Qxd4 29. Rxd4 Kc7 30. Kd2 Rg8 31. Ke3 Rg1 32. Kf3 Rb1 33. b3 Rb2 34. Rd2 Rxa2 35. Bg6 Bd7 36. e5 dxe5 37. Ke4 Ra5 38. Bf7 Rc5 39. Bd5 Bc6 40. Kxe5 Bxd5 41. Rxd5 Rxc2 42. Rd3 Rh2 43. Rd4 a5 44. Kd5 Rh3 45. Kc4 Kc6 0-1

[Event "Charlotte Open 2024"]
[Site "Charlotte"]
[Date "2024.01.15"]
[Round "4.18"]
[White "Lutsenko, Aleksandr"]
[Black "Cooke, Grayson"]
[Result "1-0"]
[ECO "D34"]
[WhiteElo "1572"]
[BlackElo "1624"]
[Annotator "NA RC"]
[PlyCount "73"]
[EventDate "2024.01.05"]
[EventType "swiss"]
[EventCountry "USA"]
[SourceTitle "playchess.com"]
[Source "ChessBase"]
[SourceQuality "1"]
[TimeControl "6600+10"]

1. Nf3 Nf6 2. g3 d5 3. Bg2 c5 4. O-O Nc6 5. d4 e6 6. c4 Be7 7. cxd5 exd5 8. Nc3 h6 9. b3 Bg4 10. dxc5 Bxc5 11. Bb2 O-O 12. Rc1 Be7 13. a3 a6 14. Rc2 d4 15. Na4 Bf5 16. Rc1 d3 17. exd3 Bxd3 18. Re1 Re8 19. Bxf6 gxf6 20. Nc5 Bxc5 21. Rxc5 Be4 22. Qc1 Bxf3 23. Rxe8+ Qxe8 24. Bxf3 Nd4 25. Qc3 Rd8 26. Kg2 Qd7 27. Rd5 Qxd5 28. Bxd5 Rxd5 29. Qc8+ Kg7 30. Qxb7 Rb5 31. Qxa6 Re5 32. Qb6 Nc2 33. a4 Ne1+ 34. Kf1 Nf3 35. a5 Kg6 36. a6 Kh5 37. h3 1-0

[Event "Charlotte Open 2024"]
[Site "Charlotte"]
[Date "2024.01.15"]
[Round "5.1"]
[White "Sadorra, Julio Catalino"]
[Black "Troff, Kayden"]
[Result "0-1"]
[ECO "D85"]
[WhiteElo "2554"]
[BlackElo "2484"]
[Annotator "TA"]
[PlyCount "72"]
[EventDate "2024.01.05"]
[EventType "swiss"]
[EventCountry "USA"]
[SourceTitle "playchess.com"]
[Source "ChessBase"]
[SourceQuality "1"]
[TimeControl "6600+10"]

1. d4 Nf6 2. c4 g6 3. Nc3 d5 4. cxd5 Nxd5 5. Bd2 Nb6 6. e3 {[%emt 0:00:39] D85: Exchange Grünfeld: Unusual White 7th moves and lines with 7 Nf3.} Bg7 7. f4 O-O 8. Nf3 {[%emt 0:00:57] White has an edge.} Be6 9. Be2 Bc4 {[%emt 0:10:35] [#]} 10. Ne5 $146 ({Predecessor:} 10. O-O Na6 11. a4 c5 12. Nb5 cxd4 13. Nbxd4 Rc8 14. b4 Bxe2 15. Qxe2 Nc4 16. Rac1 Nxd2 17. Qxd2 {1-0 Borisova,E (2250)-Nur Mukhametova,A (2225) Cheliabinsk Panchenko Memorial op-B 2021 (8)}) 10... Bxe2 11. Qxe2 N8d7 12. O-O-O c5 13. Qf3 cxd4 14. exd4 Nf6 15. Qxb7 Qxd4 {[%emt 0:07:14] [#] Strongly threatening ...Nfd5.} 16. Nc6 (16. Qxe7 $2 Nfd5 17. Qa3 Rfc8 $19) 16... Qc5 {[%emt 0:09:00] ...Nfd5 is the strong threat.} 17. Nxe7+ (17. Qxe7 $2 Qxc6 18. Qe2 Rab8 $19) 17... Kh8 18. Rhe1 $1 (18. Kb1 $2 Rfb8 19. Qc6 Qxe7 $19) 18... Ng4 {[%emt 0:13:44] Inhibits Be3.} (18... Nc4 $5) 19. Re4 {[%emt 0:16:11] Prevents Na4.} (19. Re2 $11) 19... Rfd8 (19... Nxh2 $2 20. Be3 Qa5 21. f5 Bxc3 22. bxc3 Qxc3+ 23. Kb1 $18) (19... Rad8 $1 $15 20. b4 (20. Qxa7 $2 Nf2 $19) 20... Qh5) 20. Nc6 $2 {[%emt 0:08:26][%mdl 8192] Black converts the advantage convincingly.} (20. Kb1 $2 Rd7 21. Qc6 Qxc6 22. Nxc6 Nf2 $19) (20. Qc6 $11 Rac8 21. Qxc5 Rxc5 22. Re2) 20... Rd7 $19 21. Qxa8+ Nxa8 22. Re8+ Bf8 23. Nb8 Rd3 24. Na6 Qd6 25. Rxa8 Kg7 (25... Nxh2 $2 26. Nc7 $19) 26. Rxa7 Nf2 27. Nc7 Qc6 (27... Nxd1 $2 28. Ne8+ Kg8 29. Nxd6 Nxc3 30. Bxc3 $18) 28. Re1 Kh6 (28... Qxg2 $2 {is the wrong capture.} 29. Ne6+ Kg8 30. Nxf8 Rxc3+ 31. Bxc3 $19) (28... Bb4 $142 {[%cal Rb4c3] ...Bxc3! would be deadly.} 29. Kc2 Qc4 30. Ne8+ Kf8) 29. N7b5 f5 ({Worse is} 29... Qxg2 30. Re2 f5 31. Kc2 $17) 30. Rf7 $2 (30. g4 {is more resistant.} Nxg4 31. Kc2) 30... Bb4 31. a3 Rxd2 {[%emt 0:01:20][%mdl 64] Decoy} 32. Kxd2 {[%emt 0:01:23] [#]} (32. axb4 Qxg2 33. Rxh7+ {[%mdl 64] Decoy} Kxh7 34. Re7+ Kh6 35. Kxd2) 32... Qd5+ $1 (32... Qxb5 33. axb4 Qxb4 34. Ree7 Qxb2+ 35. Ke3 $11) 33. Ke2 Qd3+ {[%emt 0:00:06] Black mates.} ({Weaker is} 33... Qxf7 34. Kxf2 Bc5+ 35. Ke2 $17) 34. Kxf2 Bc5+ 35. Re3 Qxe3+ 36. Kf1 Qf2# {[%emt 0:00:01] A brilliant game!   Weighted Error Value: White=1.24/Black=0.64} 0-1

[Event "Charlotte Open 2024"]
[Site "Charlotte"]
[Date "2024.01.15"]
[Round "5.2"]
[White "Cruz, Cristhian"]
[Black "Brodsky, David"]
[Result "0-1"]
[ECO "A36"]
[WhiteElo "2498"]
[BlackElo "2492"]
[Annotator "TA"]
[PlyCount "82"]
[EventDate "2024.01.05"]
[EventType "swiss"]
[EventCountry "USA"]
[SourceTitle "playchess.com"]
[Source "ChessBase"]
[SourceQuality "1"]
[TimeControl "6600+10"]

1. c4 c5 2. g3 g6 3. Bg2 Bg7 4. Nc3 Nc6 5. a3 d6 6. Rb1 a5 7. d3 e5 8. e3 Nge7 9. Nge2 O-O 10. O-O Rb8 11. Bd2 Be6 {[%emt 0:00:09] A36: Symmetrical English vs ...g6: 4 Bg2 Bg7.} 12. Qb3 Qd7 13. Rfc1 {[%emt 0:31:38] [#]} Rfd8 $146 {[%emt 0:02:59] The position is equal.} ({Predecessor:} 13... Bh3 14. Bxh3 Qxh3 15. Qd1 Qe6 16. Nb5 f5 17. b4 axb4 18. axb4 Rbd8 19. Nc7 Qf7 {½-½ Gurevich,M (2643)-Roy Chowdhury,S (2394) Vlissingen HZ op 10th 2006 (3)}) 14. Nd5 b5 {[%emt 0:03:55][%mdl 64] Deflection} 15. cxb5 Bxd5 16. Bxd5 Nxd5 17. Qxd5 Rxb5 18. Nc3 Rb7 19. Qc4 Rdb8 20. Rc2 Rb3 21. Ne4 Ne7 {[%emt 1:02:28] Wards off Qd5} 22. Qa6 (22. Bxa5 {seems wilder.} Rxa3 23. Qa6 Nc6 24. bxa3 Rxb1+ 25. Kg2) 22... Nf5 (22... R3b6 $15 23. Qc4 R6b7) 23. Bxa5 $11 Rxa3 24. b4 h5 25. Rcb2 {[%emt 0:05:09] [#]} (25. Rc3 $11 {keeps the balance.} Rxb4 26. Rxb4 cxb4 27. Rxa3 (27. Qc8+ Qxc8 28. Rxc8+ Bf8 $11) 27... bxa3 28. Bb4) 25... h4 ({Better is} 25... cxb4 $1 $17 {aiming for ...d5.} 26. Rxb4 Rxb4 27. Rxb4 (27. Qa8+ $2 Kh7 $19) 27... Ra1+ 28. Kg2 Nxe3+ 29. fxe3 Ra2+ 30. Nf2 (30. Kg1 $2 Qf5 $17) 30... Qf5 31. Qa8+ Bf8) 26. bxc5 $2 {[%emt 0:00:36][%mdl 8192] This costs White the game.} (26. g4 $11 Nd4 27. h3 (27. exd4 Qxg4+ 28. Kf1 Qh3+ 29. Kg1 Rxd3 $17)) 26... Rxb2 $19 {[%emt 0:00:00][%mdl 64] Deflection} 27. Rxb2 Ra1+ 28. Kg2 {[%emt 0:00:01] [#]} Nxe3+ $1 29. Kf3 Qg4+ 30. Kxe3 Bh6+ 31. f4 exf4+ 32. Kd4 Bg7+ 33. Kc4 Qe6+ 34. Kb5 {[%emt 0:00:09] Qa8+ is the strong threat.} Bxb2 35. Qxd6 Qe8+ 36. c6 Be5 37. Qc5 Qb8+ 38. Kc4 Rb1 39. Bb4 fxg3 40. hxg3 hxg3 {[%emt 0:00:00][%cal Bh4g3,Bg3g2][%mdl 32] Strongly threatening ...g2.} 41. d4 g2 {[%emt 0:00:00] Weighted Error Value: White=1.28/Black=1.11} 0-1

[Event "Charlotte Open 2024"]
[Site "Charlotte"]
[Date "2024.01.15"]
[Round "5.3"]
[White "Peatman, Carter"]
[Black "Zhou, Jianchao"]
[Result "0-1"]
[ECO "B23"]
[WhiteElo "2022"]
[BlackElo "2562"]
[Annotator "TA"]
[PlyCount "132"]
[EventDate "2024.01.05"]
[EventType "swiss"]
[EventCountry "USA"]
[SourceTitle "playchess.com"]
[Source "ChessBase"]
[SourceQuality "1"]
[TimeControl "6600+10"]

1. e4 c5 2. Nc3 Nc6 3. Bb5 Nd4 4. Nf3 a6 5. Bd3 Nc6 6. O-O {[%emt 0:02:02] B23: Closed Sicilian: Lines without g3.} e6 7. b3 Nge7 8. Bb2 {[%emt 0:10:17] The position is equal.} Ng6 9. Re1 d6 10. Bf1 Nge5 11. Nb1 {[%emt 0:06:46] [#]} g6 $146 ({Predecessor:} 11... Be7 12. Nxe5 dxe5 13. a4 O-O 14. Na3 Qc7 15. Nc4 b6 16. Qh5 f6 17. Re3 Rf7 18. Rg3 Bf8 {½-½ Krzywda,A (2152)-Risteski,E (2374) EU-ch 22nd Terme Catez 2022 (11)}) 12. c3 Nxf3+ 13. Qxf3 Bg7 14. Qd1 O-O 15. d3 b5 16. Nd2 b4 17. Qc2 bxc3 18. Bxc3 Bxc3 19. Qxc3 e5 20. a3 a5 21. Rab1 Rb8 22. Be2 Be6 23. Rec1 Rb7 24. Bd1 Qe7 25. Rb2 Rfb8 26. Rcb1 Qd8 27. Nc4 Rb5 28. Kh1 R8b7 29. h3 Qb8 30. Bg4 Bxc4 31. Qxc4 Nd4 32. Bd1 Qd8 33. Kh2 Qf6 34. Kg1 Qd8 {[%emt 0:00:00] Black is more active.} 35. Kh2 $1 Kg7 {[%emt 0:00:00] Black continues to play with concentration.} 36. g3 Qb8 37. Kg2 {[%emt 0:00:11] [#]} a4 $1 38. b4 {[%emt 0:01:21] [#]} (38. Qxa4 Ra7) 38... cxb4 $1 39. Bxa4 (39. Rxb4 $17 Rxb4 40. axb4) 39... Rc5 $19 40. Qa2 {[%emt 0:00:04][%cal Rb2b4] [#]} b3 41. Rxb3 Nxb3 42. Rxb3 Rxb3 43. Bxb3 {[%emt 0:00:01][%mdl 4096] Endgame KQR-KQB} Rb5 44. Bc4 Rb2 45. Qa1 Qb6 46. Qe1 Qa7 47. Kg1 Qxa3 48. Qe3 $2 (48. g4) 48... Rb1+ 49. Kg2 Qc1 50. Qxc1 Rxc1 {[%emt 0:00:00] KR-KB} 51. Bb5 Rc2 52. Bc4 f5 {[%emt 0:00:00][%cal Bf7f5,Bf5f4][%mdl 32] White must now prevent ...fxe4.} 53. Bd5 (53. Bb5 {might work better.}) 53... Rd2 54. Bc4 f4 55. Kf3 g5 56. Ba6 Kf6 57. Bb5 h6 58. Ba6 Ke7 59. Bb5 Kd8 60. Bc4 Kc7 61. Ba6 Kb6 62. Bc4 Kc5 63. Ba6 Kd4 {[%emt 0:00:00] And now ...Rxd3+ would win.} 64. h4 fxg3 65. fxg3 gxh4 66. gxh4 h5 {[%emt 0:00:00] Weighted Error Value: White=0.40/Black=0.20 (precise)} 0-1

[Event "Charlotte Open 2024"]
[Site "Charlotte"]
[Date "2024.01.15"]
[Round "5.4"]
[White "Vanapalli, Vishnu"]
[Black "Cordova, Emilio"]
[Result "0-1"]
[ECO "A30"]
[WhiteElo "2276"]
[BlackElo "2563"]
[Annotator "TA"]
[PlyCount "154"]
[EventDate "2024.01.05"]
[EventType "swiss"]
[EventCountry "USA"]
[SourceTitle "playchess.com"]
[Source "ChessBase"]
[SourceQuality "1"]
[TimeControl "6600+10"]

1. Nf3 c5 2. c4 b6 3. g3 Bb7 4. Bg2 e6 5. O-O Be7 6. Nc3 Nf6 7. d4 cxd4 8. Qxd4 d6 9. Rd1 a6 10. b3 Nbd7 11. e4 {[%emt 0:03:31] 11.e4 has lost popularity.} O-O 12. Ba3 {[%emt 0:08:14] A30: Symmetrical English: Double Fianchetto and Hedgehog.} Nc5 13. e5 dxe5 14. Qxe5 {[%emt 0:01:27] White is slightly better.} Qc8 {[%emt 0:01:03] Hoping for ...Ncd7.} 15. Bb2 Re8 {[%emt 0:03:36] [#]} 16. Rac1 $146 ({Predecessor:} 16. Qe2 Ra7 17. Ne5 Bxg2 18. Kxg2 Rc7 19. Qf3 Bf8 20. Rd2 Ncd7 21. Nxd7 Rxd7 22. Rxd7 Nxd7 {½-½ Espig,L (2359)-Reizniece Ozola,D (2330) Oberliga Ost-A 0607 2006 (10.2)}) 16... Bf8 17. h3 Ra7 18. Qe2 Qa8 19. Ne1 (19. b4 $5 Ncd7 $8 20. a3 $14) 19... Bxg2 20. Nxg2 h6 21. Ne3 Nh7 22. h4 (22. Ng4 {looks sharper.} Ng5 23. f4 Nge4 24. Qg2) 22... f5 23. Ng2 Rf7 24. b4 Nd7 25. a3 a5 26. Nb5 Qb8 {[%emt 0:02:32] Prevents Nc7} (26... axb4 27. Nc7 Qd8 28. Nxe8 Qxe8 29. axb4 $16) (26... Qc6 $1 $11) 27. Nd4 (27. c5 $16 {c6 is the strong threat.} bxc5 28. bxa5) 27... axb4 $11 28. axb4 (28. Nxe6 $2 bxa3 29. Re1 axb2 $19) 28... Qc8 29. b5 (29. Nxe6 Bxb4 30. c5 Bxc5 $17) (29. c5 $14 bxc5 30. Nxe6) 29... e5 30. Nc6 Bc5 31. Ra1 (31. Bxe5 $2 Nxe5 32. Re1 (32. Nxe5 $2 Rfe7 $19) 32... Nf6 33. Nxe5 Ng4 34. Nxf7 Rxe2 35. Rxe2 Kxf7 $19) 31... Nhf6 $1 32. Ba3 (32. Bxe5 $2 Ng4 33. Rd5 Ndxe5 34. Nxe5 Bxf2+ $19) 32... Ne4 (32... Ng4 $5 33. Bxc5 Nxc5 $11) 33. Bxc5 Ndxc5 34. Qf3 {[%emt 0:00:33] Prevents Nc3} Nf6 $2 {[%emt 0:03:52] [#] Wards off Rd5} (34... f4 $11 35. gxf4 exf4) 35. Nxe5 $1 $18 Rc7 (35... Rxe5 $2 36. Ra8 $18) (35... Rb7 36. Nc6) 36. Ne3 Nfe4 (36... Rxe5 $2 37. Ra8 $18) (36... Nb3 $142) 37. Nc6 (37. Qxf5 $2 Qxf5 38. Nxf5 Rxe5 $19) 37... f4 38. Qxf4 ({White has to play} 38. gxf4 $18 {Strongly threatening Nd5.} Nf6 39. Ne5) 38... Rf7 $14 39. Qg4 Qxg4 40. Nxg4 {[%emt 0:00:05] Threatens to win with h5.} h5 41. Ne3 (41. Nge5 {with more complications.} Rxf2 42. Ra3 Rc2 43. Rda1) 41... Rxf2 42. Rf1 (42. Nd5 {keeps more tension.} Rb2 43. Re1 Rf8 44. Rab1) 42... Rxf1+ 43. Nxf1 Nd6 44. Rc1 Re4 45. Nd2 Re3 46. Nf1 Ra3 47. Ne7+ Kh7 48. Nd5 Nd3 49. Rc2 Ne1 50. Rc1 (50. Re2 $5 Nf3+ $8 51. Kf2 Nxc4 52. Nfe3 $11) 50... Nd3 51. Rc2 Ne1 52. Rc1 (52. Re2 $5 Nf3+ $8 53. Kf2 $11) 52... Nf3+ 53. Kg2 Ne5 54. Nfe3 (54. Nxb6 $2 {loses.} Ra2+ 55. Kh3 Ne4 $19) 54... Ne4 55. Rc2 Nd6 56. Kf2 (56. Re2 $5 Nexc4 57. Nxc4 Nxc4 58. Re4 Ra2+ 59. Kh3 $14) 56... Ne4+ 57. Kg2 Nd6 $1 58. Kf2 (58. Re2 $5 Nexc4 59. Nxc4 Nxc4 60. Re4 Ra2+ 61. Kh3 $14) 58... Rb3 59. Kg2 Rd3 60. Kf2 Ne4+ 61. Kg2 Nd6 $1 62. Kf2 Ndxc4 {[%emt 0:00:38][%mdl 64] Deflection} 63. Nxc4 Rxd5 64. Nxb6 Rxb5 $11 {[%emt 0:00:02][%mdl 4096] Endgame KRN-KRN} 65. Na4 Ng4+ 66. Ke2 Rf5 67. Rc3 Rf2+ 68. Ke1 Ra2 69. Nc5 Kg6 70. Ne6 Nf6 71. Nf4+ Kf5 72. Rc5+ Kg4 73. Nxh5 Ne4 74. Rc4 Kf3 75. Kd1 Ke3 76. Rc7 (76. Nxg7 $2 {perishes.} Kd3 77. Rc8 Ra1+ 78. Rc1 Nc3+ {[%mdl 64] Deflection} 79. Ke1 Rxc1+ $19) 76... Rb2 {[%emt 0:01:38] ( -> ...Nf2+)} 77. Nxg7 $2 (77. Rxg7 $2 {is a self mate.} Nf2+ 78. Kc1 Nd3+ 79. Kd1 Rd2#) (77. Kc1 $11 Rb5 78. Nxg7) 77... Nf2+ {[%emt 0:00:07] Black used his chance.   Weighted Error Value: White=0.20 (precise) /Black=0.18 (very precise)} 0-1